 Dungeon Crawl Stone Soup version 0.31-a0-844-gdc52ec4e09 (webtiles) character file.

Game seed: 12296922833236320527

9801 IndexError the Fighter (level 11, -10/72 HPs)
             Began as a Gargoyle Conjurer on Sept 28, 2023.
             Was a Believer of Vehumet.
             Mangled by a +5 antimagic war axe (18 damage)
             ... on level 1 of the Abyss.
             The game lasted 00:25:25 (12949 turns).

IndexError the Fighter (Gargoyle Conjurer)         Turns: 12949, Time: 00:25:26

Health: -10/72     AC: 22    Str: 12    XL:     11   Next: 52%
Magic:  8/32       EV: 11    Int: 28    God:    Vehumet [**....]
Gold:   690        SH:  0    Dex:  8    Spells: 9/26 levels left

rFire   . . .        H - +6 flail
rCold   . . .        (no shield)
rNeg    + . .        P - +0 steam dragon scales
rPois   ∞            c - +2 hat
rElec   +            (no cloak)
rCorr   .            M - +1 pair of gloves {infuse}
SInv    .            O - +3 pair of seven-league boots {Rampage+∞}
Will    .....        y - amulet of regeneration {+regen, !d}
Stlth   +++          t - ring of magical power {MP+9}
HPRegen 1.12/turn    r - ring of Ciduca {+Blink rElec Int+6 Slay+2}
MPRegen 0.23/turn

%: rampage+∞, infuse magic (1 MP)
@: no status effects
A: sickness immunity, AC +8, negative energy resistance 1, electricity
resistance, torment resistance 1, petrification resistance
a: Renounce Religion, Evoke Blink


You were on level 1 of the Abyss.
You worshipped Vehumet.
Vehumet was pleased with you.
You visited 2 branches of the dungeon, and saw 11 of its levels.
You visited the Abyss 1 time.
You also visited: Sewer and Bailey.

You collected 690 gold pieces.

Inventory:

Hand Weapons
 H - a +6 flail (weapon)
   (You took it off a wight on level 7 of the Dungeon)
Missiles
 w - 3 throwing nets {=f, !d}
 B - 5 atropa-tipped darts
 R - a curare-tipped dart
Armour
 c - a +2 hat (worn)
   (You found it on level 7 of the Dungeon)
 g - a +0 helmet
   (You found it on level 1 of the Dungeon)
 J - an orb of energy
   (You took it off Jeremiah on level 8 of the Dungeon)
 M - a +1 pair of gloves of infusion (worn)
   (You found it in a bailey)
 O - the +3 pair of seven-league boots (worn) {Rampage+∞}
   (You found it in a bailey)

   Rampage+∞: When moving toward enemies, its wearer moves as far as possible,
   alerting their target en route.
 P - +0 steam dragon scales (worn)
   (You found it on level 8 of the Dungeon)
Magical Staves
 q - a staff of poison {rPois}
   (You found it on level 3 of the Dungeon)
Jewellery
 r - the ring of Ciduca (right hand) {+Blink rElec Int+6 Slay+2}
   (You found it on level 3 of the Dungeon)

   [ring of intelligence]

   Int+6:     It affects your intelligence (+6).
   Slay+2:    It affects your accuracy & damage with ranged weapons and melee
   (+2).
   rElec:     It insulates you from electricity.
   +Blink:    It lets you blink.
 t - a ring of magical power (left hand) {MP+9}
   (You took it off an orc on level 4 of the Dungeon)
 y - an amulet of regeneration (around neck) {+regen, !d}
   (You found it in a sewer)
 Q - an amulet of reflection
   (You found it on level 9 of the Dungeon)
 S - the ring of False Pretenses {Fly Str-2 Dex+6 SInv Stlth-}
   (You found it on level 9 of the Dungeon)

   [ring of dexterity]

   Str-2:     It affects your strength (-2).
   Dex+6:     It affects your dexterity (+6).
   SInv:      It lets you see invisible.
   Fly:       It grants you flight.
   Stlth-:    It makes you less stealthy.
 T - a ring of positive energy {rN+}
   (You found it on level 9 of the Dungeon)
Wands
 A - a wand of flame (19)
   (You took it off an orc wizard on level 5 of the Dungeon)
 F - a wand of polymorph (11)
   (You found it on level 6 of the Dungeon)
Scrolls
 h - 9 scrolls of identify
 j - a scroll of summoning {unknown}
 k - a scroll of revelation {unknown}
 l - 2 scrolls of fog {unknown}
 u - a scroll of enchant armour {unknown}
 x - a scroll of blinking {!r}
 C - a scroll of amnesia {unknown}
 D - a scroll of torment {unknown}
 E - a scroll of poison {unknown}
 G - 3 scrolls of acquirement {unknown}
 K - a scroll of fear
 L - 3 scrolls of brand weapon {unknown}
Potions
 b - 3 potions of magic
 d - a potion of cancellation {unknown}
 e - a potion of haste {unknown}
 f - 11 potions of curing {unknown}
 i - 2 potions of mutation {unknown}
 m - 3 potions of might {unknown}
 n - 4 potions of attraction {unknown}
 o - 2 potions of ambrosia {unknown}
 p - 2 potions of degeneration {unknown}
 s - 7 potions of heal wounds {unknown}
 v - a potion of enlightenment {unknown}
 z - a potion of brilliance {unknown}
 N - a potion of invisibility {unknown}
Miscellaneous
 a - a sack of spiders (inert)
   (You found it in a bailey)


   Skills:
 - Level 10.1 Fighting
 + Level 5.4 Armour
 - Level 1.5 Dodging
 + Level 6.5 Stealth
 - Level 8.0 Spellcasting
 - Level 10.0 Conjurations
 - Level 6.0 Evocations


You had 9 spell levels left.
You knew the following spells:

 Your Spells              Type           Power      Damage    Failure   Level
a - Magic Dart            Conj           100%       1d8       1%          1
b - Searing Ray           Conj           100%       2d8       1%          2
c - Foxfire               Conj/Fire      100%       2x1d9     1%          1
d - Fulminant Prism       Conj/Hex       19%        3d11      6%          4
e - Freezing Cloud        Conj/Ice/Air   14%        6-21      34%         5
x - Iskenderun's Mystic   Conj/Tloc      39%        2d9       6%          4

Your spell library contained the following spells:

 Spells                   Type           Power      Damage    Failure   Level
 Freeze                   Ice            44%        1d6       4%          1
 Shock                    Conj/Air       100%       1d9       1%          1
 Static Discharge         Conj/Air       78%        2-6/arc   1%          2
 Dazzling Flash           Conj/Hex       78%        N/A       1%          3
 Mephitic Cloud           Conj/Pois/Air  29%        N/A       3%          3
 Necrotise                Necr           44%        1d6       4%          1
 Summon Small Mammal      Summ           44%        N/A       4%          1
 Poisonous Vapours        Pois/Air       22%        N/A       8%          2
 Call Canine Familiar     Summ           11%        N/A       14%         3
 Ozocubu's Armour         Ice            11%        N/A       14%         3
 Summon Guardian Golem    Hex/Summ       11%        N/A       14%         3
 Swiftness                Air            11%        N/A       14%         3
 Tukima's Dance           Hex            11%        N/A       14%         3
 Vampiric Draining        Necr           11%        2d6       14%         3
 Airstrike                Air            5%         2d(1-17)  43%         4
 Animate Armour           Summ/Erth      22%        N/A       43%         4
 Summon Ice Beast         Ice/Summ       11%        N/A       43%         4
 Summon Lightning Spire   Summ/Air       11%        N/A       43%         4
 Starburst                Conj/Fire      19%        6d7       67%         6
 Agony                    Necr           11%        N/A       80%         5
 Lee's Rapid Deconstruct  Erth           5%         3d6*      80%         5
 Summon Mana Viper        Hex/Summ       11%        N/A       80%         5
 Plasma Beam              Fire/Air       5%         2x1d16    100%        6
 Monstrous Menagerie      Summ           5%         N/A       100%        7
 Ozocubu's Refrigeration  Ice            5%         4d8       100%        7


Dungeon Overview and Level Annotations

Branches:
Dungeon (10/15)            Temple (1/1) D:6             Orc (0/2) D:9
  Sewer (visited)          Bailey (visited)
   Lair: D:8-11

Altars:
Ashenzari
Cheibriados
Dithmenos
Elyvilon
Fedhas
Gozag
Hepliaklqana
Kikubaaqudgha
Makhleb
Nemelex Xobeh
Okawaru
Qazlal
Ru
Sif Muna
Trog
Uskayaw
Vehumet
Wu Jian
Xom
Yredelemnul
Zin
The Shining One

Shops:
D:8 *

Annotations:
D:10 Nergalle


Innate Abilities, Weirdness & Mutations

You are immune to sickness and miasma.
Your stone body is resilient. (AC +8)
You are immune to poison.
You resist negative energy. (rN+)
You are resistant to electric shocks. (rElec)
You are resistant to unholy torment.
You are immune to petrification.


Message History

Casting: Foxfire (safe; 1% risk of failure)
Confirm with . or Enter, or press ? or * to list all spells.
Aiming: Searing Ray (safe; 1% risk of failure)
Press: ? - help, Shift-Dir - straight line, f - Nergalle
Aim: Nergalle, wielding a +0 dagger and wearing a +0 robe (lightly wounded, ally target, 81% to hit)
The searing ray hits Nergalle but does no damage. (Press . to maintain the ray.)
The foxfire hits Nergalle but does no damage. x2
The foxfire hits Nergalle.
Nergalle barely misses you.
The searing ray hits Nergalle.
Nergalle hits you but does no damage.
You now have 24/32 mp.
The searing ray hits Nergalle.
Nergalle hits you with a +0 dagger.
You take 1 damage, and have 71/72 hp.
You now have 23/32 mp.
The searing ray misses Nergalle.
You finish channelling your searing ray.
Nergalle hits you but does no damage.
Health restored: 72 You now have 22/32 mp.
Casting: Searing Ray (safe; 1% risk of failure)
Confirm with . or Enter, or press ? or * to list all spells.
Aiming: Searing Ray (safe; 1% risk of failure)
Press: ? - help, Shift-Dir - straight line, f/p - Nergalle
Aim: Nergalle, wielding a +0 dagger and wearing a +0 robe (moderately wounded, 81% to hit)
The searing ray hits Nergalle but does no damage. (Press . to maintain the ray.) Nergalle hits you but does no damage.
You now have 20/32 mp.
The searing ray hits Nergalle!
Nergalle points at you and mumbles some strange words.
Orcish apparitions take form around you.
The searing ray hits Nergalle but does no damage.
Nergalle closely misses you.
The spectral orc warrior hits you but does no damage.
The spectral orc warrior misses you.
The spectral orc knight hits you with a +3 battleaxe!
You take 10 damage, and have 62/72 hp.
You now have 19/32 mp.
The searing ray hits Nergalle!
You finish channelling your searing ray.
The yak bellows! x2
Nergalle casts a spell at you.
Orcish apparitions take form around you.
The spectral orc warrior completely misses you.
The spectral orc warrior closely misses you.
The spectral orc knight closely misses you.
You now have 18/32 mp.
Nergalle points at you and mumbles some strange words.
Orcish apparitions take form around you.
The spectral orc warrior hits you with a +0 battleaxe of distortion.
Space warps around you.
The spectral orc warrior hits you from afar with a +0 trident.
The spectral orc knight hits you but does no damage.
The spectral orc warrior hits you but does no damage.
You take 11 damage, and have 52/72 hp.
You can't go down here!
Nergalle hits you but does no damage. The spectral orc warrior misses you.
The spectral orc warrior hits you but does no damage.
The spectral orc warrior hits you with a +0 battleaxe of distortion!
You are cast into the Abyss!
You stop ascending the stairs.
This branch contains the abyssal rune of Zot.
You take 8 damage, and have 44/72 hp.
A tentacled starspawn coalesces out of seething chaos.
You regained 13 hp, and now have 57/72 hp.
You regained 2 mp, and now have 21/32 mp.
Found a gateway leading deeper into the Abyss.
You regained 2 hp, and now have 66/72 hp.
Found a gateway leading deeper into the Abyss.
Health restored: 72 A worldbinder comes into view.
The worldbinder moves out of view.
A glowing orange brain comes into view.
A +5 antimagic war axe comes into view.
The +5 antimagic war axe attacks as it pursues you!
The +5 antimagic war axe hits you.
You take 2 damage, and have 70/72 hp.
The +5 antimagic war axe attacks as it pursues you!
The +5 antimagic war axe hits you!
You feel your power leaking away. The +5 antimagic war axe hits you!!
You feel your power leaking away.
You take 34 damage, and have 36/72 hp.
MASSIVE DAMAGE!!
You now have 19/32 mp.
The +5 antimagic war axe attacks as it pursues you!
The +5 antimagic war axe hits you!
You feel your power leaking away.
You take 12 damage, and have 24/72 hp.
You now have 13/32 mp.
The +5 antimagic war axe hits you!
* * * LOW HITPOINT WARNING * * *
You feel your power leaking away.
You take 11 damage, and have 13/72 hp.
You now have 10/32 mp.
The +5 antimagic war axe attacks as it pursues you!
The +5 antimagic war axe hits you.
* * * LOW HITPOINT WARNING * * *
You feel your power leaking away. The +5 antimagic war axe hits you.
* * * LOW HITPOINT WARNING * * *
You feel your power leaking away.
You take 8 damage, and have 7/72 hp.
You now have 8/32 mp.
The +5 antimagic war axe attacks as it pursues you!
The +5 antimagic war axe hits you!!
You die...

##....#.###...##
#
......#...##.##
# #.#.........#
# #.##..##....#
#...#.##.####
#....##..## #..
.#..#.#
.#..#>.#(##
#....###@# #...
##.# .# #.# ..#
.# .. .. #.#


You could see a +5 antimagic war axe.

Vanquished Creatures
  A two-headed ogre (D:9)
  Erica (D:8)
  A centaur warrior (D:9)
  Pikel (D:8)
  A gargoyle (D:9)
  Jeremiah (D:8)
  A spriggan (D:7)
  2 vampires
  A yak (D:9)
  2 steam dragons
  Grum (D:8)
  2 wargs (D:9)
  3 ice beasts
  5 orc warriors
  3 black bears
  3 wolves (D:8)
  2 ogres (D:5)
  3 centaurs
  4 lemures
  A phantom (D:6)
  2 kobold brigands
  9 bullfrogs
  2 gnoll sergeants (D:7)
  3 scorpions (D:6)
  7 wights
  3 killer bees (D:9)
  8 vampire bats (Bailey)
  A howler monkey (D:5)
  6 wolf zombies (Bailey)
  3 hounds
  A jelly (D:4)
  7 orc priests
  A sleepcap (D:3)
  6 orc wizards
  A statue (D:7)
  Robin (D:2)
  18 gnolls
  11 adders
  A river rat (D:5)
  2 white imps
  An ufetubus (D:6)
  4 worms
  4 dart slugs
  43 orcs
  5 bats
  15 endoplasms
  12 giant cockroaches
  9 goblins
  10 hobgoblins
  2 jackals (D:5)
  10 kobolds
  15 quokkas
  20 ball pythons
  12 frilled lizards
  18 orc zombies (Bailey)
  6 rats
318 creatures vanquished.

Vanquished Creatures (collateral kills)
  A death knight (D:9)
  A gargoyle (Bailey)
2 creatures vanquished.

Vanquished Creatures (others)
  An orc (D:9)
  505 foxfires
  A fulminant prism (D:8)
507 creatures vanquished.

Grand Total: 827 creatures vanquished

Notes
Turn   | Place    | Note
-------+----------+-------------------------------------------
     0 | D:1      | IndexError the Gargoyle Conjurer began the quest for the
                  | Orb.
     0 | D:1      | Reached XP level 1. HP: 10/10 MP: 3/3
   215 | D:1      | Reached XP level 2. HP: 15/15 MP: 2/5
   635 | D:1      | Reached skill level 3 in Spellcasting
   871 | D:1      | Reached XP level 3. HP: 14/19 MP: 1/7
   952 | D:1      | Learned a level 2 spell: Searing Ray
  1501 | D:2      | Found a sacrificial altar of Ru.
  1869 | D:2      | Reached XP level 4. HP: 24/24 MP: 2/9
  1946 | D:2      | Noticed Robin
  1947 | D:2      | Reached skill level 5 in Conjurations
  2084 | D:2      | Killed Robin
  2605 | D:3      | Reached XP level 5. HP: 28/28 MP: 0/10
  2623 | D:3      | Reached skill level 4 in Spellcasting
  2862 | D:3      | Identified the ring of Ciduca {+Blink rElec Int+6 Slay+2}
  3906 | D:4      | Reached XP level 6. HP: 24/32 MP: 12/12
  3910 | D:4      | Reached skill level 6 in Conjurations
  4758 | D:5      | Entered Level 5 of the Dungeon
  4797 | D:5      | Found a burning altar of Makhleb.
  4928 | D:5      | Found a glowing drain.
  4929 | D:5      | Noticed an ice beast
  4931 | D:5      | Reached skill level 5 in Spellcasting
  4942 | D:5      | Reached XP level 7. HP: 36/36 MP: 14/14
  4945 | D:5      | Reached skill level 7 in Conjurations
  4971 | Sewer    | Entered a sewer
  5538 | Sewer    | Reached skill level 6 in Spellcasting
  5635 | Sewer    | Reached skill level 8 in Conjurations
  5636 | Sewer    | Reached XP level 8. HP: 24/41 MP: 17/17
  5638 | Sewer    | Reached skill level 1 in Fighting
  5638 | Sewer    | Reached skill level 1 in Evocations
  5945 | D:5      | Reached skill level 2 in Fighting
  5955 | D:5      | Reached skill level 2 in Evocations
  6432 | D:5      | Reached skill level 3 in Fighting
  6586 | D:6      | Reached skill level 3 in Evocations
  6594 | D:6      | Reached skill level 4 in Fighting
  6875 | D:6      | Reached skill level 4 in Evocations
  6937 | D:6      | Reached skill level 5 in Fighting
  7044 | D:6      | Reached XP level 9. HP: 54/54 MP: 17/18
  7263 | D:6      | Found a staircase to the Ecumenical Temple.
  7273 | D:6      | Reached skill level 6 in Fighting
  7358 | Temple   | Entered the Ecumenical Temple
  7473 | D:6      | Got a decrepit book
  7640 | D:6      | Found a white marble altar of Elyvilon.
  7801 | D:7      | Reached skill level 5 in Evocations
  7863 | D:7      | Reached skill level 7 in Fighting
  7966 | D:7      | Found a radiant altar of Vehumet.
  7976 | D:7      | Became a worshipper of Vehumet
  8512 | D:7      | Reached skill level 8 in Fighting
  9166 | D:8      | Reached skill level 6 in Evocations
  9216 | D:8      | Noticed Jeremiah
  9223 | D:8      | Reached skill level 9 in Fighting
  9223 | D:8      | Reached XP level 10. HP: 39/66 MP: 19/19
  9227 | D:8      | Killed Jeremiah
  9288 | D:8      | Found a flagged portal.
  9300 | D:8      | Reached * piety under Vehumet
  9300 | D:8      | Offered knowledge of Foxfire by Vehumet.
  9320 | Bailey   | Entered a bailey
  9421 | Bailey   | Learned a level 1 spell: Foxfire
  9632 | Bailey   | Reached skill level 10 in Fighting
  9789 | Bailey   | Reached ** piety under Vehumet
  9789 | Bailey   | Offered knowledge of Freeze by Vehumet.
 10020 | Bailey   | Noticed a gargoyle
 10032 | Bailey   | HP: 9/68 [gargoyle/+0 flail (13)]
 10038 | Bailey   | Killed a gargoyle
 10105 | Bailey   | Learned a level 4 spell: Fulminant Prism
 10110 | Bailey   | Learned a level 4 spell: Iskenderun's Mystic Blast
 10187 | Bailey   | Found the +3 pair of seven-league boots {Rampage+∞}
 10298 | D:8      | Noticed Pikel
 10490 | D:8      | Killed Pikel
 10491 | D:8      | Reached skill level 7 in Spellcasting
 10491 | D:8      | Reached skill level 9 in Conjurations
 10716 | D:8      | Noticed Erica
 10723 | D:8      | Killed Erica
 10910 | D:8      | Found Nucet's Overcharged Wands.
 11107 | D:9      | Reached skill level 10 in Conjurations
 11186 | D:9      | Reached skill level 8 in Spellcasting
 11212 | D:9      | Reached XP level 11. HP: 54/72 MP: 23/23
 11266 | D:9      | Found a staircase to the Orcish Mines.
 11292 | D:9      | Reached skill level 1 in Armour
 11299 | D:9      | Reached skill level 3 in Stealth
 11364 | D:9      | Reached skill level 2 in Armour
 11446 | D:8      | Noticed Grum
 11456 | D:8      | Killed Grum
 11458 | D:8      | Reached skill level 4 in Stealth
 11550 | D:8      | Reached skill level 3 in Armour
 11739 | D:9      | Noticed a death knight
 11755 | D:9      | Noticed a centaur warrior
 11773 | D:9      | Killed a centaur warrior
 11774 | D:9      | Reached skill level 5 in Stealth
 11977 | D:9      | Learned a level 5 spell: Freezing Cloud
 12022 | D:9      | Reached skill level 4 in Armour
 12109 | D:9      | Identified the ring of False Pretenses {Fly Str-2 Dex+6
                  | SInv Stlth-}
 12210 | D:10     | Entered Level 10 of the Dungeon
 12210 | D:10     | Noticed Nergalle
 12339 | D:9      | Killed a death knight
 12340 | D:9      | Reached skill level 6 in Stealth
 12601 | D:9      | Noticed a two-headed ogre
 12615 | D:9      | Killed a two-headed ogre
 12616 | D:9      | Reached skill level 5 in Armour
 12890 | Abyss:1  | Cast into level 1 of the Abyss (spectral orc warrior)
 12902 | Abyss:1  | Noticed a tentacled starspawn
 12932 | Abyss:1  | Noticed a worldbinder
 12933 | Abyss:1  | Noticed a glowing orange brain
 12938 | Abyss:1  | Noticed a +5 antimagic war axe
 12945 | Abyss:1  | HP: 13/72 [+5 antimagic war axe (12)]
 12949 | Abyss:1  | Mangled by a +5 antimagic war axe

Illustrated notes

Levels and vault maps discovered:
D:1:      dpeg_arrival_orchard, layout_basic, nrook_mini_vaults
D:2:      layout_basic, basic_altar, uniq_robin
D:3:      layout_loops_ring, feat_on_display
D:4:      layout_loops_ring, chequers_arboretum
D:5:      layout_loops_ring, bloody_makhleb, portal_sewer_entry_a
D:6:      layout_cave_pools, kennysheep_mini_moat,
          minmay_temple_entry_offerings, nicolae_titane
D:7:      layout_basic, vehumet_statue, the_hattery
D:8:      layout_basic, enter_bailey_4, nicolae_shop_overcharged_wands,
          uniq_grum, uniq_jeremiah, uniq_erica, uniq_pikel
D:9:      layout_roguey, david_orc_1_choice, minmay_mirror_moons_of_madness
D:10:     layout_cave_pools, nicolae_ru_path_of_blood, uniq_nergalle
Temple:   nicolae_temple_bog_church
Abyss:1:  base:
D:4

Skill      XL: |  1  2  3  4  5  6  7  8  9 10 11 |
---------------+----------------------------------+-----
Spellcasting   | 3 4 5 6 8 |  8.0
Conjurations   | 5 6 8 10 | 10.0
Fighting       | 5 9 10 | 10.1
Evocations     | 4 6 |  6.0
Armour         | 5 |  5.4
Stealth        | 6 |  6.5
Dodging        | |  1.5

Action                     |  1- 3 |  4- 6 |  7- 9 | 10-12 || total
---------------------------+-------+-------+-------+-------++-------
  Melee: Trident           |    18 |    12 |       |       ||    30
         Mace              |       |    13 |     6 |       ||    19
         Flail             |       |       |     8 |     2 ||    10
   Cast: Magic Dart        |    86 |    96 |   218 |    19 ||   419
         Searing Ray       |       |    13 |    42 |    19 ||    74
         Foxfire           |       |       |       |   296 ||   296
         Iskenderun's Myst |       |       |       |     9 ||     9
         Fulminant Prism   |       |       |       |     1 ||     1
Ability: Evoke Blink       |       |     2 |       |     1 ||     3
  Evoke: Sack of spiders   |       |       |       |     2 ||     2
         Wand              |       |       |       |    11 ||    11
   Stab: Sleeping          |     1 |       |       |       ||     1
 Armour: Robe              |    18 |    51 |    77 |    92 ||   238
         Steam dragon scal |       |       |       |   128 ||   128
  Dodge: Dodged            |    16 |    29 |    57 |   163 ||   265

Table legend: (Time is in decaauts)
 A = Elapsed time spent in this place.
 B = Non-inter-level travel time spent in this place.
 C = Inter-level travel time spent in this place.
 D = Time resting spent in this place.
 E = Time spent auto-exploring this place.
 F = Levels seen in this place.
 G = Mean time per level.
                   A        B        C        D        E       F      G
               +--------+--------+--------+--------+--------+-----+--------+
         Total |  13057 |  12252 |    805 |    109 |   9902 |  14 |  932.6 |
       Dungeon |  11141 |  10353 |    788 |     38 |   8656 |  10 | 1114.1 |
        Temple |     91 |     74 |     17 |      0 |      0 |   1 |   91.0 |
         Abyss |     58 |     58 |      0 |      0 |     11 |   1 |   58.0 |
         Sewer |    832 |    832 |      0 |     71 |    593 |   1 |  832.0 |
        Bailey |    933 |    933 |      0 |      0 |    642 |   1 |  933.0 |
               +--------+--------+--------+--------+--------+-----+--------+

Top non-repeatable levels by time:
     D:9: 1581 daAuts
     D:7: 1489 daAuts
     D:1: 1257 daAuts
     D:3: 1244 daAuts
     D:4: 1184 daAuts
     D:2: 1178 daAuts
     D:8: 1172 daAuts
     D:5: 1013 daAuts
     D:6: 994 daAuts
  Bailey: 933 daAuts
   Sewer: 832 daAuts
  Temple: 91 daAuts
 Abyss:1: 58 daAuts
    D:10: 24 daAuts

Levels and vault maps discovered:
D:1:      dpeg_arrival_orchard, layout_basic, nrook_mini_vaults
D:2:      layout_basic, basic_altar, uniq_robin
D:3:      layout_loops_ring, feat_on_display
D:4:      layout_loops_ring, chequers_arboretum
D:5:      layout_loops_ring, bloody_makhleb, portal_sewer_entry_a
D:6:      layout_cave_pools, kennysheep_mini_moat,
          minmay_temple_entry_offerings, nicolae_titane
D:7:      layout_basic, vehumet_statue, the_hattery
D:8:      layout_basic, enter_bailey_4, nicolae_shop_overcharged_wands,
          uniq_grum, uniq_jeremiah, uniq_erica, uniq_pikel
D:9:      layout_roguey, david_orc_1_choice, minmay_mirror_moons_of_madness
D:10:     layout_cave_pools, nicolae_ru_path_of_blood, uniq_nergalle
Temple:   nicolae_temple_bog_church
Abyss:1:  base:
D:4

Table legend: (Time is in decaauts)
 A = Elapsed time spent in this place.
 B = Non-inter-level travel time spent in this place.
 C = Inter-level travel time spent in this place.
 D = Time resting spent in this place.
 E = Time spent auto-exploring this place.
 F = Levels seen in this place.
 G = Mean time per level.
                   A        B        C        D        E       F      G
               +--------+--------+--------+--------+--------+-----+--------+
         Total |  13057 |  12252 |    805 |    109 |   9902 |  14 |  932.6 |
       Dungeon |  11141 |  10353 |    788 |     38 |   8656 |  10 | 1114.1 |
        Temple |     91 |     74 |     17 |      0 |      0 |   1 |   91.0 |
         Abyss |     58 |     58 |      0 |      0 |     11 |   1 |   58.0 |
         Sewer |    832 |    832 |      0 |     71 |    593 |   1 |  832.0 |
        Bailey |    933 |    933 |      0 |      0 |    642 |   1 |  933.0 |
               +--------+--------+--------+--------+--------+-----+--------+

Top non-repeatable levels by time:
     D:9: 1581 daAuts
     D:7: 1489 daAuts
     D:1: 1257 daAuts
     D:3: 1244 daAuts
     D:4: 1184 daAuts
     D:2: 1178 daAuts
     D:8: 1172 daAuts
     D:5: 1013 daAuts
     D:6: 994 daAuts
  Bailey: 933 daAuts
   Sewer: 832 daAuts
  Temple: 91 daAuts
 Abyss:1: 58 daAuts
    D:10: 24 daAuts

Table legend:
 A = Kills in this place as a percentage of kills in the entire game.
 B = Kills by you in this place as a percentage of kills by you in the entire game.
 C = Kills by friends in this place as a percentage of kills by friends in the entire game.
 D = Other kills in this place as a percentage of other kills in the entire game.
 E = Experience gained in this place as a percentage of experience gained in the entire game.
 F = Experience gained in this place divided by the number of levels of this place that you have seen.
                   A       B       C       D       E      F
               +-------+-------+-------+-------+-------+----------------------
         Total | 100.0 | 100.0 | 100.0 |   N/A | 100.0 | 1000.1
       Dungeon |  74.1 |  74.2 |  50.0 |   N/A |  87.1 | 1219.9
         Sewer |  15.2 |  15.3 |   0.0 |   N/A |   2.3 | 318.0
        Bailey |  10.8 |  10.5 |  50.0 |   N/A |  10.6 | 1485.0
               +-------+-------+-------+-------+-------+----------------------
